 Dungeon Crawl Stone Soup version 0.31-a0-161-gb58dd9be76 (webtiles) character file.

Game seed: 10357754331050550019

3672 pokeman the Thaumaturge (level 9, -5/51 HPs)
             Began as a Deep Elf Hedge Wizard on June 13, 2023.
             Was a Believer of Vehumet.
             Shot with an arrow by a centaur (9 damage)
             ... on level 9 of the Dungeon.
             The game lasted 00:21:59 (10188 turns).

pokeman the Thaumaturge (Deep Elf Hedge Wizard)    Turns: 10188, Time: 00:22:00

Health: -5/51      AC:  3    Str:  7    XL:     9   Next: 89%
Magic:  19/27      EV: 18    Int: 24    God:    Vehumet [**....]
Gold:   509        SH:  0    Dex: 14    Spells: 23/32 levels left

rFire   . . .        I - +2 dagger (venom)
rCold   + . .        (no shield)
rNeg    + . .        F - +0 robe {rC+}
rPois   .            c - +0 hat
rElec   .            t - +0 cloak
rCorr   .            (no gloves)
SInv    .            (no boots)
Will    .....        (no amulet)
Stlth   +            h - +5 ring of evasion
HPRegen 0.28/turn    n - ring of positive energy
MPRegen 0.20/turn

%: no passive effects
@: confused
A: no striking features
a: Renounce Religion


You were on level 9 of the Dungeon.
You worshipped Vehumet.
Vehumet was pleased with you.
You visited 2 branches of the dungeon, and saw 10 of its levels.

You collected 509 gold pieces.

Inventory:

Hand Weapons
 s - a +4 quarterstaff of chaos
 I - a +2 dagger of venom (weapon)
Missiles
 w - a throwing net
Armour
 c - a +0 hat (worn)
 t - a +0 cloak (worn)
 F - a +0 robe of cold resistance (worn)
Jewellery
 b - a ring of positive energy
 h - a +5 ring of evasion (left hand)
 n - a ring of positive energy (right hand)
 u - a ring of protection from cold
Wands
 l - a wand of digging (4)
 v - a wand of flame (8)
 G - a wand of paralysis (3)
Scrolls
 a - a scroll of amnesia {unknown}
 e - 12 scrolls of identify {unknown}
 f - a scroll of brand weapon {unknown}
 j - 2 scrolls of fog {unknown}
 k - 3 scrolls of revelation {unknown}
 m - 5 scrolls of vulnerability {unknown}
 o - 3 scrolls of noise {unknown}
 r - 3 scrolls of poison {unknown}
 y - 5 scrolls of teleportation {unknown}
 C - a scroll of summoning {unknown}
 D - a scroll of enchant armour {unknown}
 E - 3 scrolls of fear {unknown}
Potions
 d - 2 potions of magic
 g - 2 potions of enlightenment {unknown}
 i - 2 potions of heal wounds {unknown}
 p - 3 potions of attraction {unknown}
 q - 4 potions of lignification {unknown}
 x - 2 potions of berserk rage {unknown}
 z - 4 potions of mutation {unknown}
 A - 2 potions of degeneration {unknown}
 B - 3 potions of curing
 H - a potion of might {unknown}


   Skills:
 + Level 3.6 Fighting
 - Level 3.1 Armour
 - Level 3.0 Dodging
 - Level 3.0 Stealth
 * Level 12.4 Spellcasting
 + Level 6.9 Conjurations
 + Level 6.3 Summonings
 - Level 1.1 Translocations
 - Level 1.0 Air Magic
 - Level 1.0 Poison Magic
 - Level 1.0 Evocations


You had 23 spell levels left.
You knew the following spells:

 Your Spells              Type           Power      Damage    Failure   Level
a - Magic Dart            Conj           100%       1d8       1%          1
b - Mephitic Cloud        Conj/Pois/Air  29%        N/A       3%          3
c - Call Imp              Summ           90%        N/A       1%          2
d - Blink                 Tloc           40%        N/A       4%          2
e - Foxfire               Conj/Fire      100%       2x1d9     1%          1

Your spell library contained the following spells:

 Spells                   Type           Power      Damage    Failure   Level
 Poisonous Vapours        Pois/Air       38%        N/A       4%          2
 Slow                     Hex            56%        N/A       4%          1
 Cigotuvi's Dreadful Rot  Necr/Pois/Air  36%        N/A       4%          2
 Sublimation of Blood     Necr           14%        N/A       6%          2
 Wereblood                Tmut           14%        N/A       6%          2
 Summon Ice Beast         Ice/Summ       30%        N/A       11%         4
 Frozen Ramparts          Ice            28%        1d5       12%         3
 Ozocubu's Armour         Ice            14%        N/A       12%         3
 Manifold Assault         Tloc           20%        N/A       26%         4
 Cause Fear               Hex            7%         N/A       38%         4
 Ice Form                 Ice/Tmut       14%        N/A       38%         4
 Summon Hydra             Summ           22%        N/A       95%         7
 Dragon Form              Tmut           7%         N/A       100%        7
 Malign Gateway           Summ/Tloc      16%        N/A       100%        7
 Ozocubu's Refrigeration  Ice            7%         4d9       100%        7
 Storm Form               Tmut/Air       8%         N/A       100%        7
 Summon Horrible Things   Summ           22%        N/A       100%        8
 Dragon's Call            Summ           22%        N/A       100%        9


Dungeon Overview and Level Annotations

Branches:
Dungeon (9/15)             Temple (1/1) D:5            Lair (0/5) D:9
    Orc: D:9-12

Altars:
Ashenzari
Dithmenos
Gozag
Hepliaklqana
Makhleb
Nemelex Xobeh
Okawaru
Qazlal
Ru
Sif Muna
Vehumet
Wu Jian
Xom
Yredelemnul

Shops:
D:7 [:(:*

Annotations:
D:7 3 runed translucent doors, LobsterGuardian's ghost, novice OpCj


Message History

Casting: Mephitic Cloud (dangerous; 3% risk of failure)
Confirm with . or Enter, or press ? or * to list all spells.
A tiny devil pulls itself out of the air.
The centaur shoots an arrow.
The arrow hits your cerulean imp! The yak misses you.
Unknown command.
The yak attacks as you move away! The yak misses you.
The centaur shoots an arrow.
The arrow hits your cerulean imp!
Your cerulean imp dies!
Your cerulean imp disappears in a puff of smoke!
Casting: Call Imp (safe; 1% risk of failure)
Confirm with . or Enter, or press ? or * to list all spells.
Aiming: Mephitic Cloud (dangerous; 3% risk of failure)
Press: ? - help, Shift-Dir - straight line, f/p - yak
Aim: a yak (almost dead, very poisoned, chance to affect: 67%) That beam is likely to hit you.
Continue anyway?
The ball explodes into a vile cloud!
The stinking cloud engulfs the yak but does no damage.
The yak is almost dead.
The stinking cloud engulfs you but does no damage.
You are engulfed in noxious fumes.
You choke on the stench!
You are confused.
The yak is engulfed in noxious fumes.
The yak gores you!
* * * LOW HITPOINT WARNING * * *
Unknown command.
You completely miss the yak.
The yak is almost dead.
You are engulfed in noxious fumes.
You choke on the stench!
You are more confused.
The yak is engulfed in noxious fumes.
The yak appears confused.
The yak gores you but does no damage.
Unknown command.
You bump into the rock wall.
You are engulfed in noxious fumes.
You choke on the stench!
You are more confused.
You kill the yak!
Vehumet accepts your kill.
The centaur shoots an arrow.
The arrow closely misses you.
The centaur shoots an arrow.
The arrow hits you!
You die...

...#..........c.^...
..#........c.......
..#...............°
#.#........$†......
#.#.##.##.##..^..^.^....^.
#.####.#.......#
##!).....^...
#......†.....c○# .^..^..^.
............##○# ....^..
...#####.#####@## .....
#........# #..^
##..###.... #..#
#...####### #.# # #...#
#.# # # #...## #.# #.##
##...# #y# #... #...##
###.# ### ##...# #...# #


You could see a centaur.

Vanquished Creatures
  2 yaks (D:9)
  A wyvern (D:9)
  A shadow (D:9)
  A steam dragon (D:9)
  A sky beast (D:6)
  3 black bears
  2 ice beasts
  2 orc warriors
  A centaur (D:9)
  A phantom (D:5)
  3 bullfrogs
  A scorpion (D:6)
  A gnoll sergeant (D:8)
  13 wights
  6 howler monkeys
  6 hounds
  3 jellies
  4 orc priests
  Crazy Yiuf (D:2)
  Jessica (D:2)
  2 sleepcaps
  5 orc wizards
  10 adders
  9 gnolls
  A shadow imp (D:5)
  A white imp (D:7)
  An ufetubus (D:5)
  3 worms
  2 dart slugs
  30 orcs
  11 endoplasms
  5 giant cockroaches
  5 goblins
  4 hobgoblins
  4 jackals
  4 quokkas
  5 ball pythons
  5 bats
  3 frilled lizards
  9 kobolds
  7 rats
180 creatures vanquished.

Vanquished Creatures (collateral kills)
  A sleepcap (D:6)
1 creature vanquished.

Vanquished Creatures (others)
  396 foxfires
396 creatures vanquished.

Grand Total: 577 creatures vanquished

Notes
Turn   | Place    | Note
-------+----------+-------------------------------------------
     0 | D:1      | pokeman the Deep Elf Hedge Wizard began the quest for the
                  | Orb.
     0 | D:1      | Reached XP level 1. HP: 10/10 MP: 7/7
   619 | D:1      | Reached XP level 2. HP: 16/16 MP: 1/9
  1362 | D:2      | Noticed Jessica
  1377 | D:2      | Killed Jessica
  1378 | D:2      | Reached skill level 5 in Spellcasting
  1378 | D:2      | Reached XP level 3. HP: 1/20 MP: 0/11
  1382 | D:2      | Learned a level 3 spell: Mephitic Cloud
  1385 | D:2      | Learned a level 2 spell: Call Imp
  1388 | D:2      | Learned a level 2 spell: Blink
  1508 | D:2      | Reached skill level 1 in Fighting
  1508 | D:2      | Reached skill level 1 in Armour
  1813 | D:2      | Reached XP level 4. HP: 25/25 MP: 11/13
  1831 | D:2      | Found a faded altar of an unknown god.
  2172 | D:2      | Found a runed translucent door.
  2173 | D:2      | Noticed Crazy Yiuf
  2518 | D:2      | Killed Crazy Yiuf
  2671 | D:3      | Reached skill level 6 in Spellcasting
  2696 | D:3      | Reached XP level 5. HP: 28/29 MP: 1/15
  2984 | D:3      | Found a shadowy altar of Dithmenos.
  3104 | D:3      | Reached skill level 1 in Evocations
  3277 | D:3      | Reached skill level 1 in Poison Magic
  4172 | D:4      | Identified the +0 quarterstaff of the Bespelling Gods
                  | {antimagic, Dex+2}
  4249 | D:4      | Reached skill level 1 in Air Magic
  4577 | D:4      | Found an ornate altar of the Wu Jian Council.
  4578 | D:4      | Found a burning altar of Makhleb.
  4578 | D:4      | Found a broken altar of Ashenzari.
  4744 | D:5      | Entered Level 5 of the Dungeon
  4792 | D:5      | Reached XP level 6. HP: 34/34 MP: 9/17
  5008 | D:5      | Found a staircase to the Ecumenical Temple.
  5020 | Temple   | Entered the Ecumenical Temple
  5080 | Temple   | Became a worshipper of Vehumet
  5151 | D:5      | Reached skill level 7 in Spellcasting
  5672 | D:5      | Reached XP level 7. HP: 39/39 MP: 16/20
  6119 | D:6      | Reached skill level 8 in Spellcasting
  6893 | D:6      | Reached skill level 9 in Spellcasting
  6893 | D:6      | Reached XP level 8. HP: 32/44 MP: 21/23
  6902 | D:6      | Reached * piety under Vehumet
  6902 | D:6      | Offered knowledge of Foxfire by Vehumet.
  6909 | D:6      | Learned a level 1 spell: Foxfire
  7307 | D:6      | Reached skill level 5 in Conjurations
  8062 | D:7      | Reached skill level 10 in Spellcasting
  8153 | D:7      | Found a runed translucent gate.
  8154 | D:7      | Found a runed translucent gate.
  8154 | D:7      | Found an opulent altar of Gozag.
  8174 | D:7      | Noticed LobsterGuardian's ghost (novice OpCj)
  8176 | D:7      | Found a runed translucent gate.
  8276 | D:7      | Found Duffejeph's Book Shoppe.
  8328 | D:7      | Found Luag's Weapon Boutique.
  8549 | D:7      | Found Pebateat's Book Emporium.
  8583 | D:7      | Reached XP level 9. HP: 48/48 MP: 16/25
  8631 | D:7      | Found Xuz Famaw's Antique Armour Emporium.
  8766 | D:7      | Found Hubied's Assorted Antiques.
  8905 | D:8      | Reached skill level 5 in Summonings
  9057 | D:8      | Reached ** piety under Vehumet
  9058 | D:8      | Reached skill level 11 in Spellcasting
  9060 | D:8      | Offered knowledge of Poisonous Vapours by Vehumet.
  9167 | D:8      | Found an opulent altar of Gozag.
  9755 | D:9      | Reached skill level 12 in Spellcasting
  9819 | D:9      | Found a staircase to the Lair.
 10188 | D:9      | Shot with an arrow by a centaur

Illustrated notes

Levels and vault maps discovered:
D:1:      dpeg_chamrin_arrival_tetris, layout_basic
D:2:      layout_loops_cross, hellmonk_ecumenical_altar_blasted,
          uniq_crazy_yiuf_cottage, uniq_jessica
D:3:      wad_crossroads, layout_loops_cross, mainiacjoe_overflow_catwalk,
          grunt_ministairs_12, minivault_27, st_stairs_12,
          kennysheep_generic_room_13
D:4:      layout_rooms, chequers_temple_overflow_statue_of_worship
D:5:      minmay_diamond_boxcup, layout_gridville,
          minmay_temple_entry_proselytizer
D:6:      hellmonk_crumbling_castle, layout_layer_cave,
          kennysheep_generic_room_6
D:7:      layout_basic, serial_shops, shop_coins, kennysheep_mini_moat,
          nicolae_diamond_shop, shop, shop, ebering_ghost_gozag
D:8:      layout_rooms, old_standard_altar
D:9:      layout_basic, mainiacjoe_overflow_small_starburst, lair_entry_dummy,
          serial_curves, eino_curves_01, eino_curves_04, eino_curves_04,
          minmay_holes
Temple:   nicolae_temple_elliptical

Skill      XL: |  1  2  3  4  5  6  7  8  9 |
---------------+----------------------------+-----
Spellcasting   | 5 6 7 9 10 12 | 12.4
Fighting       | 1 2 3 |  3.6
Armour         | 1 2 3 |  3.1
Conjurations   | 2 3 4 5 6 |  6.9
Stealth        | 3 |  3.0
Dodging        | 3 |  3.0
Evocations     | 1 |  1.0
Poison Magic   | 1 |  1.0
Air Magic      | 1 |  1.0
Summonings     | 2 3 4 6 |  6.3
Translocations | |  1.1

Action                     |  1- 3 |  4- 6 |  7- 9 || total
---------------------------+-------+-------+-------++-------
  Melee: Dagger            |     4 |     7 |    69 ||    80
         Quarterstaff      |       |    18 |       ||    18
         Punch             |       |       |     1 ||     1
   Cast: Magic Dart        |    86 |   182 |    48 ||   316
         Mephitic Cloud    |       |     9 |    18 ||    27
         Call Imp          |       |       |     6 ||     6
         Blink             |       |       |     2 ||     2
         Foxfire           |       |       |   219 ||   219
   Stab: Confused          |       |     4 |     9 ||    13
 Armour: Robe              |     2 |     8 |     9 ||    19
  Dodge: Dodged            |    12 |    51 |    91 ||   154

Table legend: (Time is in decaauts)
 A = Elapsed time spent in this place.
 B = Non-inter-level travel time spent in this place.
 C = Inter-level travel time spent in this place.
 D = Time resting spent in this place.
 E = Time spent auto-exploring this place.
 F = Levels seen in this place.
 G = Mean time per level.
                   A        B        C        D        E       F      G
               +--------+--------+--------+--------+--------+-----+--------+
         Total |  10195 |   9974 |    221 |    177 |   8565 |  10 | 1019.5 |
       Dungeon |  10112 |   9913 |    199 |    177 |   8515 |   9 | 1123.6 |
        Temple |     83 |     61 |     22 |      0 |     50 |   1 |   83.0 |
               +--------+--------+--------+--------+--------+-----+--------+

Top non-repeatable levels by time:
     D:6: 1741 daAuts
     D:2: 1451 daAuts
     D:3: 1360 daAuts
     D:5: 1272 daAuts
     D:1: 1270 daAuts
     D:7: 1014 daAuts
     D:8: 787 daAuts
     D:4: 672 daAuts
     D:9: 542 daAuts
  Temple: 83 daAuts
